 Dungeon Crawl Stone Soup version 0.31-a0-145-g046c7d2549 (webtiles) character file.

Game seed: 12346970991876009594

18461 sanka the Cruncher (level 12, -6/101 HPs)
             Began as a Demigod Conjurer on June 6, 2023.
             Mangled by a yak (11 damage)
             ... on level 1 of the Lair of Beasts.
             The game lasted 00:28:50 (16157 turns).

sanka the Cruncher (Demigod Conjurer)              Turns: 16157, Time: 00:28:50

Health: -6/101     AC: 12    Str:  8    XL:     12   Next: 2%
Magic:  6/18       EV: 15    Int: 36    God:
Gold:   85         SH:  0    Dex: 12    Spells: 4/15 levels left

rFire   . . .        B - +3 lajatang (vamp)
rCold   . . .        (shield currently unavailable)
rNeg    + . .        j - +2 robe {rN+}
rPois   .            y - +0 helmet
rElec   .            d - +2 cloak {Stlth+}
rCorr   .            v - +0 pair of gloves
SInv    .            k - +2 pair of boots
Will    +....        t - amulet of the acrobat
Stlth   +++          (no ring)
HPRegen 0.36/turn    (no ring)
MPRegen 0.16/turn

%: acrobat
@: lethally poisoned (-6 -> -27), very slightly contaminated
A: high MP 1, forlorn, divine attributes
a: no special abilities


You were on level 1 of the Lair of Beasts.
You visited 3 branches of the dungeon, and saw 13 of its levels.

You collected 760 gold pieces.
You spent 675 gold pieces at shops.


Innate Abilities, Weirdness & Mutations

You have an increased reservoir of magic. (+10% MP)
You shall have no god before yourself.
Your divine heritage dramatically boosts your attributes as you level up.


   Skills:
 - Level 8.0 Fighting
 - Level 14.0 Staves
 - Level 8.0 Dodging
 - Level 1.7 Stealth
 - Level 2.0 Spellcasting
 + Level 6.1 Conjurations
 - Level 2.0 Hexes
 + Level 0.1 Translocations


You had 4 spell levels left.
You knew the following spells:

 Your Spells              Type           Power      Damage    Failure   Level
c - Iskenderun's Mystic   Conj/Tloc      26%        2d7       14%         4
x - Searing Ray           Conj           96%        2d7       1%          2
z - Magic Dart            Conj           100%       1d8       1%          1
Z - Fulminant Prism       Conj/Hex       16%        3d11      10%         4

Your spell library contained the following spells:

 Spells                   Type           Power      Damage    Failure   Level
 Shock                    Conj/Air       100%       1d9       1%          1
 Dazzling Flash           Conj/Hex       66%        N/A       3%          3
 Summon Small Mammal      Summ           12%        N/A       5%          1
 Ensorcelled Hibernation  Hex/Ice        20%        N/A       5%          2
 Summon Guardian Golem    Hex/Summ       10%        N/A       11%         3
 Call Canine Familiar     Summ           3%         N/A       16%         3
 Spider Form              Tmut/Pois      3%         N/A       16%         3
 Swiftness                Air            3%         N/A       16%         3
 Anguish                  Hex/Necr       5%         N/A       34%         4
 Manifold Assault         Tloc           4%         N/A       43%         4
 Airstrike                Air            1%         2d(1-17)  45%         4
 Animate Armour           Summ/Erth      6%         N/A       45%         4
 Summon Lightning Spire   Summ/Air       3%         N/A       45%         4
 Blade Hands              Tmut           1%         N/A       82%         5
 Dispersal                Tloc           2%         N/A       100%        6
 Disjunction              Tloc           2%         N/A       100%        8

Inventory:

Hand Weapons
 q - the +6 mace of the Median {holy, Will++ Str-3}

   Str:       It affects your strength (-3).
   Will:      It greatly increases your willpower.
 B - a +3 vampiric lajatang (weapon)
Missiles
 m - 4 curare-tipped darts {=f}
 o - 3 throwing nets {=f}
Armour
 d - a +2 cloak of stealth (worn)
 j - a +2 robe of positive energy (worn)
 k - a +2 pair of boots (worn)
 r - +0 acid dragon scales
 v - a +0 pair of gloves (worn)
 y - a +0 helmet (worn)
Jewellery
 t - an amulet of the acrobat (around neck)
 G - an amulet of regeneration
Wands
 p - a wand of charming (15)
 s - a wand of quicksilver (3)
 A - a wand of polymorph (5)
 K - a wand of iceblast (6)
Scrolls
 c - 2 scrolls of torment {!r}
 f - 6 scrolls of enchant armour
 g - a scroll of brand weapon {unknown}
 h - 5 scrolls of teleportation {@r4}
 l - a scroll of vulnerability {!r}
 F - a scroll of noise {!r}
 H - a scroll of poison {!r}
 I - a scroll of blinking {unknown}
 J - 4 scrolls of fog
 L - a scroll of summoning
Potions
 b - a potion of magic
 e - 5 potions of heal wounds {unknown}
 n - a potion of curing {@q1}
 u - 2 potions of attraction {unknown}
 w - 4 potions of invisibility {unknown}
 x - a potion of mutation {unknown}
 z - 2 potions of might {unknown}
 C - 2 potions of berserk rage {unknown}
 D - 3 potions of degeneration {unknown}
 E - 2 potions of enlightenment {unknown}

Dungeon Overview and Level Annotations

Branches:
Dungeon (11/15)            Temple (1/1) D:4            Lair (1/5) D:11
    Orc (0/2) D:11

Shops:
D:3 (:?[!   D:4 (   D:7 * D:8

[ ▒♣............▒▒▒▒▒......)
▒.....♣........▒.†Y......
▒▒▒▒▒.........▒.....▒.......
▒▒†▒...▒▒▒▒▒▒..▒..▒..F▒......
▒▒▒..†.▒.▒ ▒..Y▒▒▒▒▒▒........
▒...▒▒▒.▒▒ ▒▒..▒ ▒▒......
..P▒▒ ▒▒▒ ▒..▒ .▒...▒ ▒▒▒▒
▒YS▒ ▒.▒.. ..▒▒ ▒▒p▒ ▒▒▒
...▒▒ ▒..▒ ....▒▒ ▒▒.▒ ....<▒
▒.. .....▒▒ ▒.. .†....▒▒ ....
.......▒▒ .... ........▒
..... .......▒▒


You could see a black mamba and 2 yaks.


Message History

The yak is lightly wounded.
The yak is knocked back by the mystic blast.
The yak slams into the rock wall!
The mystic blast hits the black mamba!
The black mamba is almost dead.
The black mamba is knocked back by the mystic blast.
The yak barely misses you.
Unknown command.
Unknown command.
You cannot move.
Unknown command.
You cannot move.
Unknown command.
You are no longer locked in place.
The black mamba misses you. The yak gores you but does no damage.
Unknown command.
Press: ? - help, v - describe, . - travel
Here: a black mamba (almost dead)
The floor.
Unknown command.
You closely miss the black mamba.
The black mamba is almost dead.
The black mamba closely misses you. The black mamba bites you!
* * * LOW HITPOINT WARNING * * *
You are lethally poisoned!
The black mamba poisons you! The yak gores you!
You die...

Action                     |  1- 3 |  4- 6 |  7- 9 | 10-12 || total
---------------------------+-------+-------+-------+-------++-------
  Melee: Unarmed           |     2 |       |       |       ||     2
         Mace              |       |     6 |    43 |       ||    49
         Lajatang          |       |       |    92 |   645 ||   737
         Punch             |       |       |     1 |       ||     1
  Throw: Dart              |       |       |       |     5 ||     5
   Cast: Magic Dart        |   107 |    45 |   159 |   106 ||   417
         Searing Ray       |     2 |    12 |    45 |    13 ||    72
         Fulminant Prism   |       |     1 |     1 |       ||     2
         Iskenderun's Myst |       |       |       |     1 ||     1
  Evoke: Wand              |       |       |     5 |       ||     5
    Use: Scroll            |       |       |     9 |     6 ||    15
         Potion            |       |       |       |     3 ||     3
   Stab: Sleeping          |       |       |       |     2 ||     2
 Armour: Robe              |     1 |     4 |    79 |   246 ||   330
  Dodge: Dodged            |     5 |    23 |   298 |   613 ||   939

Levels and vault maps discovered:
D:1:      dpeg_arrival_stonehenge_8_columns, layout_loops_ring, kennysheep_boxes
D:2:      layout_loops_corners
D:3:      layout_rooms, fedhas_ov_isle_minmay, serial_shops, nicolae_shop_trees,
          shop, nicolae_shop_tiny_glass, shop, shop
D:4:      layout_cave_pods, good_gods_mini_temple,
          nicolae_dithmenos_shadow_blocks, marbit_many_paths,
          nicolae_ru_awakened_eye, mainiacjoe_overflow_24_doors,
          kennysheep_little_box, minmay_temple_entry_crystal_x, serial_shops,
          shop, uniq_pikel, uniq_edmund, uniq_duvessa
D:5:      layout_layer_cave, amcnicky_altar_gilded, uniq_blork_the_orc,
          uniq_grinder
D:6:      layout_cave_pools, okawaru_altar_gauntlet_db, grunt_potential,
          uniq_sigmund
D:7:      layout_cave_pools, slow_altar_1, general_overflow_altar,
          mainiacjoe_overflow_surrounded_room, guppyfry_shop_venom
D:8:      layout_rooms, grunt_gozag_statues, kennysheep_mini_moat, serial_shops,
          shop
D:9:      layout_roguey, lemuel_tele_altar, old_standard_altar,
          mainiacjoe_overflow_concentric_impassable, lightli_orcish_oven,
          uniq_maurice
D:10:     layout_basic, nicolae_yredelemnul_corpse_copse,
          mainiacjoe_overflow_alcove_1, nicolae_kite_square_tiling_tiny,
          minmay_misc_feat_enclosed, nicolae_titane
D:11:     nicolae_cairo_tiling, layout_stronghold, erik_lair_orcish_takeover,
          minmay_orc_entry_guard_dogs, minmay_misc_feat_columns,
          minmay_misc_feat_nine_boxes
Temple:   ebering_the_one_and_only
Lair:1:   layout_cave_pods, minivault_11, grunt_forest_small_clearings

Notes
Turn   | Place    | Note
-------+----------+-------------------------------------------
     0 | D:1      | sanka the Demigod Conjurer began the quest for the Orb.
     0 | D:1      | Reached XP level 1. HP: 14/14 MP: 5/5
    17 | D:1      | Reached skill level 2 in Spellcasting
   197 | D:1      | Reached skill level 4 in Conjurations
   197 | D:1      | Reached XP level 2. HP: 20/20 MP: 5/7
   219 | D:1      | Learned a level 2 spell: Searing Ray
  1351 | D:2      | Reached XP level 3. HP: 26/26 MP: 0/8
  2354 | D:3      | Reached skill level 5 in Conjurations
  2437 | D:3      | Found Bucacs's Book Shop.
  2476 | D:3      | Found Vimyq's Antique Weapon Shop.
  2665 | D:3      | Found Erih Cil's Armour Shoppe.
  2677 | D:3      | Reached XP level 4. HP: 33/33 MP: 6/9
  2839 | D:3      | Found Tosic's Distillery.
  2938 | D:3      | Found Fosel's Magic Scroll Shoppe.
  3366 | D:4      | Learned a level 4 spell: Fulminant Prism
  3372 | D:4      | Identified the +6 mace of the Median {holy, Will++ Str-3}
  3389 | D:4      | Found Qiownuh's Weapon Shop.
  3390 | D:4      | Noticed an ogre
  3401 | D:4      | Killed an ogre
  3402 | D:4      | Reached skill level 6 in Conjurations
  3402 | D:4      | Reached skill level 1 in Hexes
  3402 | D:4      | Reached XP level 5. HP: 37/38 MP: 0/10
  3495 | D:4      | Noticed Edmund
  3591 | D:4      | Reached skill level 2 in Hexes
  3599 | D:4      | Reached skill level 1 in Fighting
  3599 | D:4      | Reached skill level 2 in Dodging
  3769 | D:4      | Noticed Dowan
  3818 | D:4      | Noticed a black bear
  3824 | D:4      | Killed a black bear
  3825 | D:4      | Reached XP level 6. HP: 40/48 MP: 2/11
  3965 | D:4      | Reached skill level 2 in Fighting
  3985 | D:4      | Killed Edmund
  3986 | D:4      | Reached skill level 3 in Dodging
  4230 | D:4      | Noticed Duvessa
  4365 | D:4      | Found a staircase to the Ecumenical Temple.
  4456 | D:4      | Noticed Pikel
  4494 | D:4      | Killed Pikel
  4495 | D:4      | Reached skill level 4 in Fighting
  4495 | D:4      | Reached skill level 4 in Dodging
  4495 | D:4      | Reached XP level 7. HP: 39/59 MP: 0/13
  4871 | Temple   | Entered the Ecumenical Temple
  4883 | D:5      | Entered Level 5 of the Dungeon
  4997 | D:5      | Reached skill level 5 in Dodging
  5050 | D:5      | Noticed Grinder
  5059 | D:5      | Killed Grinder
  5060 | D:5      | Reached skill level 5 in Fighting
  5060 | D:5      | Reached XP level 8. HP: 68/68 MP: 3/14
  5687 | D:5      | Noticed Blork the orc
  5697 | D:5      | Killed Blork the orc
  5972 | D:5      | Reached skill level 6 in Dodging
  6107 | D:5      | Reached skill level 6 in Fighting
  6873 | D:4      | Found Qiownuh's Weapon Shop.
  7195 | D:4      | Killed Duvessa
  7202 | D:4      | Killed Dowan
  7536 | D:4      | Found a staircase to the Ecumenical Temple.
  8423 | D:6      | Reached skill level 7 in Dodging
  8490 | D:6      | Reached XP level 9. HP: 72/78 MP: 1/15
  8494 | D:6      | Reached skill level 7 in Fighting
  8499 | D:6      | Identified +0 acid dragon scales
  8846 | D:6      | Noticed Sigmund
  8852 | D:6      | Killed Sigmund
  8853 | D:6      | Reached skill level 8 in Dodging
  9056 | D:3      | Bought a runed lajatang for 396 gold pieces
  9319 | D:7      | Reached skill level 8 in Fighting
  9319 | D:7      | Reached skill level 1 in Staves
  9348 | D:7      | Reached skill level 2 in Staves
  9481 | D:7      | Paralysed by a hornet for 2 turns
  9486 | D:7      | Reached skill level 3 in Staves
  9492 | D:7      | HP: 8/80 [orc/+1 hand axe of draining (2)]
  9730 | D:7      | Reached skill level 4 in Staves
 10073 | D:7      | Found Betuutoc's Serpentskin Sales.
 10378 | D:8      | Reached skill level 5 in Staves
 10846 | D:8      | Reached XP level 10. HP: 88/88 MP: 13/16
 10857 | D:8      | Reached skill level 6 in Staves
 10878 | D:8      | Reached skill level 7 in Staves
 10998 | D:8      | Found Wacsa's Antique Armour Boutique.
 11360 | D:8      | Reached skill level 8 in Staves
 11432 | D:9      | Noticed Maurice
 11450 | D:9      | Killed Maurice
 11560 | D:9      | Paralysed by a hornet for 2 turns
 11564 | D:9      | Reached skill level 9 in Staves
 11979 | D:9      | Noticed a two-headed ogre
 11993 | D:9      | Killed a two-headed ogre
 12036 | D:9      | Noticed a two-headed ogre
 12047 | D:9      | Killed a two-headed ogre
 12048 | D:9      | Reached skill level 10 in Staves
 12265 | D:9      | Reached XP level 11. HP: 94/94 MP: 17/17
 12494 | D:10     | Entered Level 10 of the Dungeon
 12852 | D:10     | Reached skill level 11 in Staves
 13103 | D:10     | Reached skill level 12 in Staves
 14001 | D:3      | Bought a +2 cloak of stealth for 279 gold pieces
 14244 | D:11     | Found a staircase to the Orcish Mines.
 14722 | D:11     | Noticed a two-headed ogre
 14733 | D:11     | Killed a two-headed ogre
 14734 | D:11     | Reached skill level 13 in Staves
 15082 | D:11     | Found a staircase to the Lair.
 15499 | Lair:1   | Entered Level 1 of the Lair of Beasts
 15950 | Lair:1   | Reached skill level 14 in Staves
 15950 | Lair:1   | Reached XP level 12. HP: 94/101 MP: 16/18
 15955 | Lair:1   | Learned a level 4 spell: Iskenderun's Mystic Blast
 16147 | Lair:1   | HP: 10/101 [poisoned by a black mamba]
 16152 | Lair:1   | HP: 6/101 [black mamba (12)]
 16157 | Lair:1   | HP: 5/101 [black mamba (12)]
 16157 | Lair:1   | Mangled by a yak

Vanquished Creatures
  3 two-headed ogres
  Pikel (D:4)
  6 centaur zombies (D:10)
  2 unseen horrors
  A cane toad (Lair:1)
  3 unseen horror zombies (D:10)
  A troll (D:10)
  2 hornets
  A polar bear (Lair:1)
  Grinder (D:5)
  8 blink frogs (Lair:1)
  Sigmund (D:6)
  A vampire (D:11)
  A shadow (D:9)
  A wyvern (D:9)
  18 yaks
  6 wargs (D:11)
  2 acid dragons
  Edmund (D:4)
  Duvessa (D:4)
  4 water moccasins
  A sky beast (D:7)
  2 orc warriors
  5 black bears
  4 ogres
  5 wolves (Lair:1)
  3 centaurs
  A lemure (D:4)
  2 phantoms
  5 kobold brigands
  7 bullfrogs
  Blork the orc (D:5)
  A gnoll sergeant (D:10)
  2 scorpions
  5 wights (D:8)
  Dowan (D:4)
  21 killer bees
  An electric eel (D:10)
  5 howler monkeys (D:11)
  2 orc priests
  3 hounds
  A jelly (D:5)
  2 gnoll boudas
  3 iguanas
  6 orc wizards
  A mummy (D:7)
  15 gnolls
  2 howler monkey zombies (D:10)
  7 adders
  3 shadow imps
  A white imp (D:6)
  4 ufetubi
  5 dart slugs
  41 orcs
  9 endoplasms
  2 giant cockroaches (D:2)
  12 hobgoblins
  5 jackals
  4 quokkas
  7 ball pythons
  7 bats
  6 frilled lizards
  3 goblins
  36 kobolds
  6 rats
330 creatures vanquished.

Vanquished Creatures (others)
  Maurice (D:9)
  2 fulminant prisms (D:4)
3 creatures vanquished.

Grand Total: 333 creatures vanquished
